Map: 2000 Atmospheres LE

Players

SLicKcHeeZEE - Winner!

  • Race: Zerg Zerg
  • League: Bronze
  • Spawn Location: 3:00

A.I. 1 (Very Hard)

  • Race: Terran Terran
  • Spawn Location: 7:00

VOD

Have the link to the VOD?

Description

Time

  • Played on: Sept. 24, 2026, 11:16 p.m.
  • Length: 13:23
Show
View Real Time Build Order
Export as new Build Order

SLicKcHeeZEE Zerg - Winner!

Build Orders: Hatch First, Roach Hydra 

Get SALT Encoding   

  8  0:00  Drone  
  9  0:11  Drone  
  10  0:17  Drone  
  11  0:27  Overlord  
  11  0:33  Drone  
  12  0:45  Drone x2  
  14  0:51  Drone  
  15  1:14  Hatchery  
  15  1:17  Drone  
  15  1:21  Drone  
  15  1:25  Drone  
  17  1:40  Spawning Pool  
  17  1:43  Drone  
  17  1:47  Extractor, Drone  
  17  1:54  Drone  
  17  2:01  Drone  
  19  2:10  Overlord  
  19  2:26  Queen  
  19  2:27  Queen  
  23  2:30  Zergling x2  
  23  2:32  Drone  
  23  2:36  Drone  
  26  2:39  Drone  
  27  2:48  Metabolic Boost  
  27  2:53  Extractor  
  27  2:54  Overlord  
  26  3:03  Roach Warren  
  25  3:09  Drone  
  25  3:10  Drone  
  25  3:12  Drone  
  28  3:23  Lair  
  28  3:26  Drone  
  29  3:29  Drone  
  30  3:43  Roach x2  
  30  3:48  Roach  
  36  3:49  Roach  
  36  3:54  Overlord  
  38  4:03  Queen  
  38  4:09  Overlord  
  40  4:13  Drone  
  40  4:14  Drone  
  40  4:16  Drone  
  43  4:21  Drone  
  44  4:27  Hydralisk Den  
  44  4:30  Glial Reconstitution  
  43  4:35  Overlord  
  43  4:44  Drone x3  
  43  4:45  Drone  
  47  4:47  Drone  
  47  4:50  Extractor  
  47  4:56  Hydralisk  
  47  4:58  Hydralisk  
  51  5:02  Hydralisk  
  51  5:06  Hydralisk  
  55  5:15  Drone x3  
  55  5:17  Overlord  
  55  5:20  Grooved Spines  
  58  5:24  Roach  
  58  5:27  Roach  
  62  5:33  Evolution Chamber  
  61  5:37  Evolution Chamber  
  61  5:38  Drone  
  61  5:39  Drone  
  62  5:56  Roach x3  
  68  5:58  Roach  
  68  5:59  Overlord  
  68  6:01  Zerg Missile Weapons Level 1  
  68  6:03  Zerg Ground Armor Level 1  
  70  6:06  Drone  
  71  6:20  Baneling Nest  
  71  6:21  Muscular Augments  
  70  6:39  Queen  
  72  6:41  Overlord  
  72  6:44  Hatchery  
  71  6:53  Roach, Hydralisk  
  71  6:54  Roach, Hydralisk  
  79  7:01  Overlord  
  79  7:06  Zergling x10  
  79  7:08  Zergling x2  
  85  7:09  Zergling x2  
  85  7:11  Zergling x2  
  87  7:16  Overlord  
  87  7:34  Overlord  
  87  7:36  Hydralisk, Roach x2  
  87  7:37  Roach  
  95  7:47  Baneling x6  
  95  7:48  Baneling x7  
  95  7:49  Baneling x2  
  95  7:50  Baneling  
  95  7:51  Baneling  
  95  7:52  Baneling  
  95  7:56  Overlord  
  76  8:36  Roach x3, Hydralisk x2  
  76  8:37  Hydralisk x2, Roach  
  76  8:38  Hydralisk x2  
  76  8:39  Roach  
  98  8:55  Zerg Missile Weapons Level 2  
  98  8:57  Overlord x2  
  98  9:01  Zergling x2  
  98  9:02  Zergling x8  
  103  9:09  Drone x3  
  106  9:10  Drone  
  106  9:15  Zerg Ground Armor Level 2  
  107  9:22  Roach x2  
  111  9:37  Roach x4  
  111  9:38  Roach  
  121  10:09  Hydralisk x5  
  121  10:10  Hydralisk  
  133  10:19  Drone x3, Extractor, Overlord  
  135  10:36  Zergling x10  
  140  10:49  Baneling x2  
  140  10:50  Baneling x7  
  140  10:51  Baneling  
  140  10:56  Hydralisk x2  
  140  10:57  Hydralisk  
  113  12:06  Roach x5  
  113  12:07  Roach x6  
  113  12:08  Roach x5  
  130  12:09  Hydralisk x2  
  130  12:10  Hydralisk x6  
Show
View Real Time Build Order
Export as new Build Order

A.I. 1 (Very Hard) Terran 

Build Orders:  

Get SALT Encoding   

  8  0:00  SCV  
  9  0:13  SCV  
  10  0:25  SCV  
  11  0:37  SCV  
  12  0:46  Supply Depot  
  12  0:49  SCV  
  13  0:56  Refinery  
  13  1:08  SCV  
  14  1:16  Barracks  
  14  1:20  SCV  
  15  1:32  SCV  
  16  1:44  SCV  
  17  1:56  SCV  
  18  2:04  Marine  
  18  2:06  Factory  
  19  2:08  SCV  
  19  2:15  Supply Depot  
  20  2:20  Orbital Command  
  20  2:29  Barracks  
  20  2:32  Marine  
  21  2:46  Refinery, SCV  
  21  2:49  Marine  
  24  2:58  SCV  
  24  3:00  Supply Depot  
  24  3:02  Factory Tech Lab  
  24  3:08  Marine  
  24  3:10  SCV  
  26  3:16  Marine  
  27  3:22  Siege Tank  
  27  3:24  SCV  
  31  3:28  Marine  
  31  3:33  Marine  
  33  3:36  SCV  
  33  3:40  Supply Depot  
  34  3:46  Marine  
  35  3:49  SCV  
  35  3:51  Marine  
  37  4:02  Siege Tank, SCV  
  41  4:22  SCV, Command Center  
  42  4:25  Supply Depot  
  42  4:29  Barracks Tech Lab  
  42  4:34  Marine  
  43  4:50  Stimpack  
  43  4:51  Marauder  
  43  4:52  Marine, Barracks  
  45  5:03  SCV  
  45  5:04  Supply Depot  
  46  5:10  Marine  
  46  5:12  Marauder  
  52  5:28  Siege Tank  
  52  5:29  Barracks Tech Lab  
  52  5:34  Marauder  
  54  5:36  SCV  
  54  5:37  SCV  
  54  5:39  Marine  
  57  5:47  Marine  
  57  5:48  SCV  
  57  5:49  SCV  
  60  5:55  Marauder  
  62  5:58  Barracks Reactor  
  62  6:00  SCV, Siege Tank  
  66  6:05  Supply Depot, Marauder  
  66  6:06  SCV  
  69  6:12  SCV  
  69  6:17  Marauder  
  69  6:18  SCV  
  73  6:22  Combat Shield  
  73  6:24  SCV  
  74  6:27  Marauder  
  74  6:30  SCV, Supply Depot  
  77  6:36  SCV  
  77  6:38  Marauder  
  80  6:40  Engineering Bay  
  80  6:42  SCV  
  81  6:48  SCV  
  81  6:51  Concussive Shells  
  81  6:52  Marauder  
  84  6:54  SCV  
  84  6:57  Supply Depot  
  84  6:59  Marauder  
  84  7:00  SCV  
  88  7:06  SCV  
  88  7:07  Terran Infantry Weapons Level 1  
  89  7:11  Engineering Bay  
  89  7:12  SCV  
  90  7:18  SCV  
  90  7:21  Supply Depot  
  91  7:24  Missile Turret  
  91  7:25  SCV  
  92  7:30  Missile Turret, SCV  
  92  7:35  Barracks  
  93  7:37  Terran Infantry Armor Level 1  
  93  7:38  Starport  
  93  7:41  SCV  
  93  7:43  Orbital Command  
  93  7:44  Hellion  
  95  7:49  Supply Depot  
  95  7:50  Marine  
  96  7:51  Marine  
  97  8:05  Siege Tank  
  100  8:07  Refinery  
  100  8:09  Marauder  
  100  8:10  Marauder  
  104  8:14  Supply Depot, Medivac  
  104  8:15  Marine, Refinery  
  104  8:16  Marine  
  85  8:21  Marine  
  80  8:28  SCV  
  80  8:29  SCV  
  80  8:30  Marauder, Marine  
  80  8:33  Marine  
  69  8:34  Marine  
  69  8:37  Widow Mine  
  69  8:39  Marine  
  69  8:40  SCV  
  74  8:42  SCV  
  74  8:44  Starport Reactor  
  75  8:49  Marauder  
  75  8:51  Marine  
  75  8:52  Marine  
  75  8:53  SCV  
  75  8:54  Marine  
  81  8:57  Marine  
  81  8:58  Siege Tank  
  85  9:09  Marauder  
  87  9:10  Marine, Marauder  
  87  9:13  Marine  
  87  9:15  Marine  
  92  9:19  Missile Turret  
  92  9:20  Medivac  
  94  9:30  Siege Tank  
  94  9:31  Marauder  
  99  9:32  Marauder  
  101  9:41  Supply Depot  
  101  9:42  Command Center  
  101  9:52  Marauder  
  103  9:53  Missile Turret, Marauder  
  105  10:02  Armory  
  105  10:03  Widow Mine  
  107  10:13  Marauder  
  109  10:14  Marauder  
  109  10:16  Missile Turret  
  109  10:18  Supply Depot, Medivac  
  109  10:20  Command Center  
  113  10:24  Siege Tank  
  116  10:44  Factory  
  116  10:47  Supply Depot  
  116  10:48  Missile Turret  
  116  10:49  Terran Infantry Weapons Level 2  
  116  10:54  Starport  
  116  10:56  Widow Mine  
  118  11:02  Barracks  
  118  11:03  Hi-Sec Auto Tracking  
  118  11:13  Marine  
  118  11:14  Marine  
  118  11:16  Marine  
  118  11:17  Marine  
  118  11:18  Widow Mine  
  124  11:20  Supply Depot  
  124  11:27  Marine  
  124  11:28  Factory Tech Lab  
  124  11:31  Starport Tech Lab, Medivac, Barracks Tech Lab  
  124  11:32  Marine  
  128  11:33  SCV  
  128  11:34  SCV  
  128  11:36  Viking  
  128  11:39  Siege Tank  
  136  11:45  Marauder  
  136  11:46  SCV x2  
  134  11:50  Marauder x2  
  134  11:51  Raven  
  120  11:54  Command Center  
  120  11:56  Supply Depot  
  120  11:57  Marine  
  120  11:58  SCV  
  120  11:59  Marine  
  120  12:01  SCV  
  99  12:06  Marine  
  74  12:10  SCV  
  74  12:11  Marine  
  74  12:12  Marauder  
  74  12:13  SCV  
  74  12:15  Marine  
  77  12:17  Marine  
  77  12:22  SCV  
  70  12:24  Marine  
  70  12:25  SCV  
  70  12:28  Marine  
  64  12:33  Marine, Marauder  
  64  12:35  Marine  
  61  12:37  SCV  
  61  12:41  Marine  
  45  12:49  SCV  
  31  13:04  Command Center  
Tags
 
Composition
Roach Hydra
League
Bronze
Matchup
TvZ
Spawn Locations
Cross Positions
Add a new tag
Caveats
  • Supply blocks, unpowered buildings, or Contaminate may cause inaccurate times.
  • Supply counts are checked every 10 seconds.